 Dungeon Crawl Stone Soup version 0.29.0 (webtiles) character file.

Game seed: 14690251171756805604

142 jagoly the Insei (level 5, -6/34 HPs)
             Began as an Octopode Transmuter on Sept 11, 2022.
             Blown up by Ijyb (10 damage)
             ... with a mindburst bolt
             ... on level 3 of the Dungeon.
             The game lasted 00:10:21 (2625 turns).

jagoly the Insei (Octopode Transmuter)              Turns: 2625, Time: 00:10:28

Health: -6/34      AC:  5    Str:  9    XL:     5   Next: 24%
Magic:  6/8        EV: 17    Int: 17    God:
Gold:   145        SH:  0    Dex: 13    Spells: 2/8 levels left

rFire   . . .      SeeInvis .   a - +9 mace of World's End {drain, rCorr}
rCold   . . .      Faith    .   (no shield)
rNeg    . . .      Spirit   .   (helmet currently unavailable)
rPois   +          Reflect  .   (no amulet)
rElec   .          Harm     .   n - +4 ring of protection
rCorr   +          Rampage  .   r - ring of Xeorph {rPois EV+4}
Will    .....                   (no ring)
Stlth   +++.......              (no ring)
HPRegen 0.11/turn               (no ring)
MPRegen 0.11/turn               (no ring)
                                (no ring)
                                (no ring)

@: appendages (expiring), very slightly contaminated
A: tentacle spike 3, almost no armour, amphibious, 8 rings, camouflage 1,
gelatinous body 1, (nimble swimmer 1), tentacles
a: End Transformation


You were on level 3 of the Dungeon.
One of your tentacles had grown a beastly spike.
You visited 1 branch of the dungeon, and saw 3 of its levels.

You collected 145 gold pieces.

Inventory:

Hand Weapons
 a - the +9 mace of World's End (weapon) {drain, rCorr}
   (You found it on level 2 of the Dungeon)

   A truly terrible weapon, it drains the life of any living foe it strikes.
   rCorr:     It protects you from acid and corrosion.
 v - a +1 dagger of electrocution
Missiles
 h - 21 stones
 l - 2 poisoned darts
Jewellery
 n - a +4 ring of protection (left tentacle)
 r - the ring of Xeorph (right tentacle) {rPois EV+4}
   (You found it on level 3 of the Dungeon)

   [ring of evasion]

   EV:        It affects your evasion (+4).
   rPois:     It protects you from poison.
Wands
 x - a wand of light (11)
Scrolls
 b - 2 scrolls of teleportation {unknown}
 c - 2 scrolls of enchant weapon {unknown}
 e - 2 scrolls of fog {unknown}
 g - 2 scrolls of summoning {unknown}
 k - 2 scrolls of acquirement {unknown}
 o - a scroll of fear {unknown}
 p - a scroll of amnesia {unknown}
 s - a scroll of torment {unknown}
 t - a scroll of silence {unknown}
 w - a scroll of enchant armour {unknown}
Potions
 d - a potion of resistance {unknown}
 f - a potion of berserk rage {unknown}
 i - 2 potions of curing {unknown}
 j - 3 potions of degeneration {unknown}
 m - a potion of lignification
 q - 2 potions of attraction {unknown}
 u - a potion of magic {unknown}


   Skills:
 * Level 2.3 Fighting
 + Level 2.3 Dodging
 + Level 1.7 Stealth
 - Level 3.0 Unarmed Combat
 - Level 2.1 Spellcasting
 + Level 2.9 Transmutations
 * Level 1.8 Ice Magic
 - Level 2.0 Poison Magic


You had 2 spell levels left.
You knew the following spells:

 Your Spells              Type           Power      Damage    Failure   Level
A - Beastly Appendage     Tmut           22%        N/A       5%          1
P - Spider Form           Tmut/Pois      10%        N/A       21%         3
W - Wereblood             Tmut           11%        N/A       9%          2

Your spell library contained the following spells:

 Spells                   Type           Power      Damage    Failure   Level
 Shock                    Conj/Air       4%         1d3       19%         1
 Swiftness                Air            1%         N/A       50%         3
 Ice Form                 Ice/Tmut       10%        N/A       56%         4
 Airstrike                Air            0%         2d(1-17)  88%         4
 Summon Forest            Summ/Tloc      0%         N/A       99%         5
 Summon Mana Viper        Hex/Summ       1%         N/A       99%         5
 Summon Cactus Giant      Summ           0%         N/A       100%        6


Dungeon Overview and Level Annotations

Branches:
Dungeon (3/15) Zot: 15355

Altars:

Annotations:
D:2 Terence
D:3 3 runed translucent doors, Ijyb; UltimateGoldenPants's ghost, amateur GrFi


Innate Abilities, Weirdness & Mutations

One of your tentacles has grown a beastly spike.
You cannot wear most types of armour.
You are amphibious.
You can wear up to eight rings at the same time.
Your skin changes colour to match your surroundings (Stealth+).
Your rubbery body absorbs attacks. (AC +1, EV +1)
((You are camouflaged when in or above water. (Stealth+)))
You have tentacles for arms and can constrict up to eight enemies at once.


Message History

A goblin comes into view. It is wielding a +0 sling.
There is an open door here.
The helpless goblin fails to defend itself.
You thump the goblin!
You kill the goblin!
Things that are here:
a +0 sling; a goblin corpse
There is an open door here.
There is an open door here.
You open the large door. 2 goblins come into view.
Ijyb the Twisted Goblin comes into view.
She is wielding a +0 club and carrying a wand of mindburst (18).
There is a large open door here.
The goblin shouts!
Ijyb shouts!
The goblin shouts!
Cast which spell? (? or * to list)
You miscast Wereblood.
You are very lightly contaminated with residual magic.
Nothing appears to happen.
Cast which spell? (? or * to list) One of your tentacles grows a vicious spike.
You closely miss the goblin. You grab the goblin.
You pierce the goblin.
You squeeze the goblin.
You kill the goblin!
Ijyb zaps a wand.
Your mind is blasted!
You see here a +0 dagger.
You closely miss the goblin. You grab the goblin. You constrict the goblin.
The goblin hits you with a +0 dagger. The goblin barely misses you.
Ijyb closely misses you.
You hit the goblin. You drain the goblin.
You kill the goblin!
Your transformation is almost over.
Ijyb zaps a wand.
Your mind is blasted!
You barely miss Ijyb. You grab Ijyb.
You pierce Ijyb, but do no damage.
You constrict Ijyb, but do no damage.
Ijyb screams, "Die!"
Ijyb zaps a wand.
Your mind is blasted!
Ouch! That really hurt!
* * * LOW HITPOINT WARNING * * *
Ijyb zaps a wand.
Your mind is blasted!
You die...

#≈≈..#####...#
##≈≈..#...#####
#≈≈≈))'...'†.##+##
##≈≈≈†.#...#).#...#
#≈≈#########..#...#
.≈≈#..........#...#
...+..........#...#
...+.......†..#.)g#
...+..........#.@.#
#≈≈#..........#...#
#≈≈#########..##''#
##≈≈≈..#...#......#
#≈≈≈.)'...'......#
##≈≈..#...#......#
#################


You could see Ijyb.

Vanquished Creatures
  3 adders (D:3)
  4 gnolls
  A dart slug (D:2)
  3 orcs (D:2)
  7 endoplasms
  A giant cockroach (D:2)
  9 goblins
  3 hobgoblins
  5 jackals
  3 quokkas (D:3)
  10 ball pythons
  4 bats
  2 frilled lizards
  6 kobolds
  4 rats
65 creatures vanquished.

Notes
Turn   | Place    | Note
-------+----------+-------------------------------------------
     0 | D:1      | jagoly the Octopode Transmuter began the quest for the Orb.
     0 | D:1      | Reached XP level 1. HP: 13/13 MP: 3/3
    41 | D:1      | Found a faded altar of an unknown god.
   181 | D:1      | Reached skill level 1 in Poison Magic
   300 | D:1      | Reached XP level 2. HP: 18/18 MP: 3/5
   303 | D:1      | Learned a level 2 spell: Wereblood
   882 | D:2      | Reached XP level 3. HP: 16/23 MP: 2/6
  1093 | D:2      | Identified the +9 mace of World's End {drain, rCorr}
  1625 | D:2      | Noticed Terence
  1855 | D:2      | Learned a level 3 spell: Spider Form
  1904 | D:3      | Reached skill level 1 in Ice Magic
  1913 | D:3      | Reached skill level 1 in Stealth
  1913 | D:3      | Reached XP level 4. HP: 28/28 MP: 3/7
  2109 | D:3      | Reached XP level 5. HP: 21/34 MP: 3/8
  2290 | D:3      | Identified the ring of Xeorph {rPois EV+4}
  2293 | D:3      | Noticed UltimateGoldenPants's ghost (amateur GrFi)
  2301 | D:3      | Found a runed translucent gate.
  2306 | D:3      | Found a runed translucent gate.
  2308 | D:3      | Found a runed translucent gate.
  2617 | D:3      | Noticed Ijyb
  2625 | D:3      | Blown up by Ijyb

Illustrated notes

Levels and vault maps discovered:
D:1:      dpeg_arrival_short_road, layout_basic,
          hellmonk_ecumenical_altar_dog_temple
D:2:      layout_loops_corners, minmay_between, uniq_terence
D:3:      kennysheep_goblin_castle, layout_basic, gammafunk_ghost_split

Skill      XL: |  1  2  3  4 |
---------------+-------------+-----
Poison Magic   | 1 2 |  2.0
Ice Magic      | 1 |  1.8
Stealth        | 1 |  1.7
Fighting       | 2 |  2.3
Dodging        | |  2.3
Unarmed Combat | |  3.0
Spellcasting   | |  2.1
Transmutations | |  2.9

Action                   |  1- 3 |  4- 6 || total
-------------------------+-------+-------++-------
Melee: Unarmed           |    44 |       ||    44
       Constrict         |    19 |    11 ||    30
       Tentacles         |    13 |     6 ||    19
       Kick              |    16 |     7 ||    23
       Punch             |     3 |       ||     3
       Mace              |    17 |    39 ||    56
 Cast: Beastly Appendage |    18 |     5 ||    23
       Wereblood         |     3 |     4 ||     7
 Stab: Sleeping          |     7 |     4 ||    11
Armor: Skin              |     7 |    17 ||    24
Dodge: Dodged            |    42 |    29 ||    71
